ESL (28 & UNDER)
BUFFALO LIGHTSABRES @ MT PLEASANT BEARCATS
08/29/2025
 
TOP OF THE 1ST
Buffalo LightSabres batting - Pitching for Mt Pleasant Bearcats : RHP Curt Howard
Pitching: RHP Curt Howard
Batting: LHB Lucas Coleman 0-0: Foul Ball, location: 2F
0-1: Ground out 4-3 (Groundball, 4M)
Batting: SHB Brian Price 0-0: Swinging Strike
0-1: Ball
1-1: Ball
2-1: Ball
3-1: Base on Balls
Batting: LHB Juan Jose Pineda 0-0: Called Strike
0-1: Ball
1-1: Swinging Strike
1-2: Ball
2-2: SINGLE (Groundball, 5D)
Brian Price to second
Batting: LHB Chris Loudermilk 0-0: Ball
1-0: Called Strike
1-1: Foul Ball, location: 2F
1-2: Ball
2-2: Strikes out swinging
Batting: RHB Robby Lewis 0-0: Called Strike
0-1: Ball
1-1: Ball
2-1: Ball
3-1: Base on Balls
Brian Price to third
Juan Jose Pineda to second
Batting: LHB Craig Kenney 0-0: Fly out, F5 (Line Drive, 5)
Top of the 1st over - 0 run(s), 1 hit(s), 0 error(s), 3 left on base; Buffalo 0 - Mt Pleasant 0
BOTTOM OF THE 1ST
Mt Pleasant Bearcats batting - Pitching for Buffalo LightSabres : LHP Keith Jennings
Pitching: LHP Keith Jennings
Batting: RHB Carlos Luna 0-0: Called Strike
0-1: Fly out, F9 (Flyball, 9M)
Batting: RHB Ricardo Salazar 0-0: Ball
1-0: Called Strike
1-1: Ball
2-1: Foul Ball, location: 2F
2-2: Foul Ball, location: 2F
2-2: Ball
3-2: SINGLE (Flyball, 9S)
Batting: RHB Jim Beck 0-0: Ball
1-0: DOUBLE (Flyball, 78XD)
Ricardo Salazar to third
Batting: RHB Yasutoki Kojima 0-0: Ball
1-0: Ball
2-0: Called Strike
2-1: DOUBLE (Flyball, 89XD)
Ricardo Salazar scores
Jim Beck scores
Batting: RHB Ichizo Akiyama 0-0: Called Strike
0-1: Ball
1-1: Ball
2-1: Called Strike
Yasutoki Kojima is caught stealing 3rd base
2-2: SOLO HOME RUN (Flyball, 7D), Distance : 393 ft
Batting: RHB Ramiro Chávez 0-0: Foul Ball, location: 2F
0-1: Fly out, F7 (Flyball, 78S)
Bottom of the 1st over - 3 run(s), 4 hit(s), 0 error(s), 0 left on base; Buffalo 0 - Mt Pleasant 3
TOP OF THE 2ND
Buffalo LightSabres batting - Pitching for Mt Pleasant Bearcats : RHP Curt Howard
Batting: LHB Jarrod O'Milford 0-0: SINGLE (Line Drive, 34)
Batting: RHB Francisco Gallegos 0-0: Swinging Strike
0-1: Called Strike
0-2: Ball
1-2: Foul Ball, location: 2F
1-2: Ball
2-2: Foul Ball, location: 2F
2-2: Strikes out looking
Batting: LHB Sixto Cortés 0-0: Fielders Choice at 2nd, 1-4 (Groundball, 13)
Batting: LHB Lucas Coleman 0-0: Ball
1-0: Called Strike
1-1: Ball
2-1: Ball
3-1: Fly out, F3 (Line Drive, 3)
Top of the 2nd over - 0 run(s), 1 hit(s), 0 error(s), 1 left on base; Buffalo 0 - Mt Pleasant 3
BOTTOM OF THE 2ND
Mt Pleasant Bearcats batting - Pitching for Buffalo LightSabres : LHP Keith Jennings
Batting: RHB Jeffrey Hicks 0-0: Ball
1-0: Ball
2-0: Called Strike
2-1: Ground out 4-3 (Groundball, 4)
Batting: RHB Roberto Martínez 0-0: Called Strike
0-1: Ball
1-1: Fly out, F8 (Line Drive, 8RM)
Batting: RHB Nicoli Turina 0-0: Ball
1-0: Fly out, F9 (Flyball, 9S)
Bottom of the 2nd over - 0 run(s), 0 hit(s), 0 error(s), 0 left on base; Buffalo 0 - Mt Pleasant 3
TOP OF THE 3RD
Buffalo LightSabres batting - Pitching for Mt Pleasant Bearcats : RHP Curt Howard
Batting: SHB Brian Price 0-0: Ball
1-0: Ball
2-0: Ball
3-0: Called Strike
3-1: Base on Balls
Batting: LHB Juan Jose Pineda 0-0: Ball
1-0: Ball
2-0: Foul Ball, location: 2F
2-1: Called Strike
2-2: Ball
3-2: Foul Ball, location: 2F
3-2: Fielders Choice at 2nd, 1-6 (Groundball, 13S)
Batting: LHB Chris Loudermilk 0-0: Ball
1-0: DOUBLE (Line Drive, 3L)
Juan Jose Pineda to third
Batting: RHB Robby Lewis 0-0: Called Strike
0-1: Ball
1-1: Ball
2-1: Ball
3-1: Swinging Strike
3-2: TRIPLE (Line Drive, 8RXD)
Juan Jose Pineda scores
Chris Loudermilk scores
Batting: LHB Craig Kenney 0-0: Ball
1-0: Called Strike
1-1: Ball
2-1: Ball
3-1: Base on Balls
Batting: LHB Jarrod O'Milford 0-0: Ball
1-0: Ball
2-0: Called Strike
2-1: Called Strike
2-2: DOUBLE (Flyball, 78M)
Robby Lewis scores
Craig Kenney to third
Runner from 3rd tries for Home, SAFE, no throw or cutoff
Batting: RHB Francisco Gallegos 0-0: Ball
1-0: Swinging Strike
1-1: Foul Ball, location: 2F
1-2: Ball
2-2: Foul Ball, location: 2F
2-2: Strikes out swinging
Batting: LHB Sixto Cortés 0-0: Called Strike
0-1: Ball
1-1: Ground out 1-3 (Groundball, 15S)
Top of the 3rd over - 4 run(s), 3 hit(s), 0 error(s), 1 left on base; Buffalo 4 - Mt Pleasant 3
BOTTOM OF THE 3RD
Mt Pleasant Bearcats batting - Pitching for Buffalo LightSabres : LHP Keith Jennings
Batting: RHB Carlos Luna 0-0: Fly out, F9 (Line Drive, 89M)
Batting: RHB Ricardo Salazar 0-0: Called Strike
0-1: Called Strike
0-2: Fly out, F9 (Flyball, 9M)
Batting: RHB Jim Beck 0-0: DOUBLE (Groundball, 5L)
Batting: RHB Yasutoki Kojima 0-0: Foul Ball, location: 2F
0-1: Ball
1-1: Ball
2-1: Ground out 4-3 (Groundball, 4)
Bottom of the 3rd over - 0 run(s), 1 hit(s), 0 error(s), 1 left on base; Buffalo 4 - Mt Pleasant 3
TOP OF THE 4TH
Buffalo LightSabres batting - Pitching for Mt Pleasant Bearcats : RHP Curt Howard
Batting: LHB Lucas Coleman 0-0: Swinging Strike
0-1: Ground out U3 (Groundball, 3S)
Batting: SHB Brian Price 0-0: Swinging Strike
0-1: Foul Ball, location: 2F
0-2: Strikes out swinging
Batting: LHB Juan Jose Pineda 0-0: Ball
1-0: Ball
2-0: Ball
3-0: Called Strike
3-1: Foul Ball, location: 2F
3-2: Foul Ball, location: 2F
3-2: SINGLE (Line Drive, 8RS)
Pitching: RHP Claudio Ramírez
Batting: LHB Chris Loudermilk 0-0: Ball
1-0: Ground out 6-3 (Groundball, 6)
Top of the 4th over - 0 run(s), 1 hit(s), 0 error(s), 1 left on base; Buffalo 4 - Mt Pleasant 3
BOTTOM OF THE 4TH
Mt Pleasant Bearcats batting - Pitching for Buffalo LightSabres : LHP Keith Jennings
Batting: RHB Ichizo Akiyama 0-0: Called Strike
0-1: Ball
1-1: Ball
2-1: Swinging Strike
2-2: Foul Ball, location: 2F
2-2: Ball
3-2: Foul Ball, location: 2F
3-2: Ground out 5-3 (Groundball, 56S)
Batting: RHB Ramiro Chávez 0-0: Called Strike
0-1: Ball
1-1: Ball
2-1: Swinging Strike
2-2: Ground out 2-3 (Groundball, 23)
Batting: RHB Jeffrey Hicks 0-0: Ball
1-0: Ball
2-0: Ball
3-0: Base on Balls
Batting: RHB Roberto Martínez 0-0: Ball
1-0: Foul Ball, location: 2F
1-1: SINGLE (Groundball, 56D)
Jeffrey Hicks to second
Runner from 2nd tries for 3rd, SAFE, throw made to third
Batting: RHB Nicoli Turina 0-0: Foul Ball, location: 2F
0-1: Ball
1-1: Fly out, F9 (Flyball, 89M)
Bottom of the 4th over - 0 run(s), 1 hit(s), 0 error(s), 2 left on base; Buffalo 4 - Mt Pleasant 3
TOP OF THE 5TH
Buffalo LightSabres batting - Pitching for Mt Pleasant Bearcats : RHP Claudio Ramírez
Batting: RHB Robby Lewis 0-0: Called Strike
0-1: Ball
1-1: Ball
2-1: Foul Ball, location: 2F
2-2: Ground out 1-3 (Groundball, 15)
Batting: LHB Craig Kenney 0-0: Ball
1-0: Ground out 5-3 (Groundball, 5S)
Batting: LHB Jarrod O'Milford 0-0: Ball
1-0: DOUBLE (Groundball, 3L)
Batting: RHB Francisco Gallegos 0-0: Ball
1-0: Swinging Strike
1-1: Swinging Strike
1-2: Strikes out swinging
Top of the 5th over - 0 run(s), 1 hit(s), 0 error(s), 1 left on base; Buffalo 4 - Mt Pleasant 3
BOTTOM OF THE 5TH
Mt Pleasant Bearcats batting - Pitching for Buffalo LightSabres : LHP Keith Jennings
Batting: RHB Carlos Luna 0-0: Ball
1-0: Fly out, F6 (Popup, 6)
Batting: RHB Ricardo Salazar 0-0: Fly out, F9 (Flyball, 89S)
Batting: RHB Jim Beck 0-0: Called Strike
0-1: Ball
1-1: Called Strike
1-2: Ball
2-2: Foul Ball, location: 2F
2-2: Ground out 5-3 (Groundball, 56)
Bottom of the 5th over - 0 run(s), 0 hit(s), 0 error(s), 0 left on base; Buffalo 4 - Mt Pleasant 3
TOP OF THE 6TH
Buffalo LightSabres batting - Pitching for Mt Pleasant Bearcats : RHP Claudio Ramírez
Batting: LHB Sixto Cortés 0-0: Called Strike
0-1: Ball
1-1: DOUBLE (Flyball, 89XD)
Batting: LHB Lucas Coleman 0-0: Ball
1-0: SINGLE (Flyball, 8RS)
Sixto Cortés to third
Runner from 3rd tries for Home, SAFE, throw made home
Lucas Coleman to second
Batting: SHB Brian Price 0-0: Ball
1-0: Foul Ball, location: 2F
1-1: Swinging Strike
1-2: Ball
2-2: Foul Ball, location: 2F
2-2: Foul Ball, location: 2F
2-2: Foul Ball, location: 2F
2-2: Foul Ball, location: 2F
2-2: Foul Ball, location: 2F
2-2: Ball
3-2: Foul Ball, location: 2F
3-2: Foul Ball, location: 2F
3-2: Fly out, F6 (Popup, 6MS)
Batting: LHB Juan Jose Pineda 0-0: Ball
1-0: Foul Ball, location: 2F
1-1: Foul Ball, location: 2F
1-2: Ground out 4-3 (Groundball, 4MD)
Lucas Coleman to third
Batting: LHB Chris Loudermilk 0-0: Ball
1-0: Ball
2-0: Called Strike
2-1: Called Strike
2-2: Strikes out swinging
Top of the 6th over - 1 run(s), 2 hit(s), 0 error(s), 1 left on base; Buffalo 5 - Mt Pleasant 3
BOTTOM OF THE 6TH
Mt Pleasant Bearcats batting - Pitching for Buffalo LightSabres : LHP Keith Jennings
Batting: RHB Yasutoki Kojima 0-0: Ball
1-0: Called Strike
1-1: Swinging Strike
1-2: Foul Ball, location: 2F
1-2: Ball
2-2: Ball
3-2: Base on Balls
Batting: RHB Ichizo Akiyama 0-0: Ball
1-0: Called Strike
1-1: SINGLE (Flyball, 8RS)
Yasutoki Kojima to second
Runner from 2nd tries for 3rd, SAFE, throw made to third
Ichizo Akiyama to second
Pitching: RHP Pat Monroe
Batting: RHB Ramiro Chávez 0-0: Called Strike
0-1: Ground out 1-3 (Groundball, 13S)
Batting: RHB Jeffrey Hicks 0-0: Ball
1-0: Ball
2-0: Fly out, F6 (Popup, 6MD)
Batting: RHB Roberto Martínez 0-0: Called Strike
0-1: Called Strike
0-2: Strikes out looking
Bottom of the 6th over - 0 run(s), 1 hit(s), 0 error(s), 2 left on base; Buffalo 5 - Mt Pleasant 3
TOP OF THE 7TH
Buffalo LightSabres batting - Pitching for Mt Pleasant Bearcats : RHP Claudio Ramírez
Pitching: LHP José Chávez
Batting: RHB Robby Lewis 0-0: Swinging Strike
0-1: Foul Ball, location: 2F
0-2: Ground out U3 (Groundball, 3)
Batting: LHB Craig Kenney 0-0: Ball
1-0: Swinging Strike
1-1: Ball
2-1: Foul Ball, location: 2F
2-2: Ball
3-2: Foul Ball, location: 2F
3-2: Foul Ball, location: 2F
3-2: Reached on error, E4 (Groundball, 4)
Batting: LHB Jarrod O'Milford 0-0: Called Strike
Craig Kenney is caught stealing 2nd base
0-1: Ground out 3-6 (Groundball, 3L)
Top of the 7th over - 0 run(s), 0 hit(s), 1 error(s), 0 left on base; Buffalo 5 - Mt Pleasant 3
BOTTOM OF THE 7TH
Mt Pleasant Bearcats batting - Pitching for Buffalo LightSabres : RHP Pat Monroe
Batting: RHB Nicoli Turina 0-0: Called Strike
0-1: Ball
1-1: Fly out, F9 (Line Drive, 89M)
Batting: RHB Carlos Luna 0-0: Ball
1-0: Ball
2-0: Ball
3-0: Called Strike
3-1: Base on Balls
Batting: RHB Ricardo Salazar Pickoff Throw to First - Error! E1
Carlos Luna to second
0-0: Ground out 4-3 (Groundball, 4M)
Carlos Luna to third
Batting: RHB Jim Beck 0-0: Called Strike
0-1: DOUBLE (Line Drive, 78D)
Carlos Luna scores
Pinch Hitting: LHB Colm Massey 0-0: Ground out U3 (Groundball, 3S)
Bottom of the 7th over - 1 run(s), 1 hit(s), 1 error(s), 1 left on base; Buffalo 5 - Mt Pleasant 4
TOP OF THE 8TH
Buffalo LightSabres batting - Pitching for Mt Pleasant Bearcats : LHP José Chávez
Now at 3B: Colm Massey
Batting: RHB Francisco Gallegos 0-0: Swinging Strike
0-1: Ball
1-1: Swinging Strike
1-2: Strikes out looking
Batting: LHB Sixto Cortés 0-0: Ball
1-0: Fly out, F7 (Flyball, 7S)
Batting: LHB Lucas Coleman 0-0: Ball
1-0: Bunt for hit - play at first, batter OUT! 5-3
Top of the 8th over - 0 run(s), 0 hit(s), 0 error(s), 0 left on base; Buffalo 5 - Mt Pleasant 4
BOTTOM OF THE 8TH
Mt Pleasant Bearcats batting - Pitching for Buffalo LightSabres : RHP Pat Monroe
Pitching: RHP Júlio Ruíz
Batting: RHB Ichizo Akiyama 0-0: Ground out 6-3 (Groundball, 6)
Batting: RHB Ramiro Chávez 0-0: Ball
1-0: Foul Ball, location: 2F
1-1: Foul Ball, location: 2F
1-2: Ball
2-2: Ground out 6-3 (Groundball, 6)
Batting: RHB Jeffrey Hicks 0-0: Foul Ball, location: 2F
0-1: Ball
1-1: Ball
2-1: Reached on error, E5 (Groundball, 5S)
Pinch Hitting: RHB Jesús Ramírez 0-0: Ball
1-0: Foul Ball, location: 2F
1-1: Ball
2-1: Foul Ball, location: 2F
2-2: Ball
3-2: Base on Balls
Batting: RHB Nicoli Turina 0-0: Fly out, F8 (Line Drive, 8LM)
Bottom of the 8th over - 0 run(s), 0 hit(s), 1 error(s), 2 left on base; Buffalo 5 - Mt Pleasant 4
TOP OF THE 9TH
Buffalo LightSabres batting - Pitching for Mt Pleasant Bearcats : LHP José Chávez
Pitching: LHP Bob Quested
Now at SS: Jesús Ramírez
Batting: SHB Brian Price 0-0: Called Strike
0-1: Ball
1-1: Called Strike
1-2: Ground out 5-3 (Groundball, 5)
Batting: LHB Juan Jose Pineda 0-0: Ground out 5-3 (Groundball, 56)
Batting: LHB Chris Loudermilk 0-0: Called Strike
0-1: Called Strike
0-2: Strikes out looking
Top of the 9th over - 0 run(s), 0 hit(s), 0 error(s), 0 left on base; Buffalo 5 - Mt Pleasant 4
BOTTOM OF THE 9TH
Mt Pleasant Bearcats batting - Pitching for Buffalo LightSabres : RHP Júlio Ruíz
Pitching: RHP John Thompson
Now in LF: José Pérez
Pinch Hitting: RHB Irving Galloway 0-0: Ball
1-0: Called Strike
1-1: Fly out, F3 (Popup, 3DF)
Batting: RHB Ricardo Salazar 0-0: Ball
1-0: Foul Ball, location: 2F
1-1: Called Strike
1-2: Ball
2-2: Ball
3-2: Foul Ball, location: 2F
3-2: Base on Balls
Batting: RHB Jim Beck 0-0: Ball
1-0: Foul Ball, location: 2F
1-1: Foul Ball, location: 2F
1-2: Fly out, F9 (Flyball, 9LD)
Batting: LHB Colm Massey 0-0: Ball
1-0: Ball
2-0: Ball
3-0: Called Strike
3-1: DOUBLE (Groundball, 5L)
Ricardo Salazar to third
Runner from 3rd tries for Home, SAFE, no throw or cutoff
Batting: RHB Ichizo Akiyama 0-0: Ball
Wild Pitch!
Colm Massey to third
1-0: Foul Ball, location: 2F
1-1: Ball
2-1: Fly out, F7 (Flyball, 78XD)
Bottom of the 9th over - 1 run(s), 1 hit(s), 0 error(s), 1 left on base; Buffalo 5 - Mt Pleasant 5
TOP OF THE 10TH
Buffalo LightSabres batting - Pitching for Mt Pleasant Bearcats : LHP Bob Quested
Now at 2B: Irving Galloway
Batting: RHB Robby Lewis 0-0: Foul Ball, location: 2F
0-1: Called Strike
0-2: Foul Ball, location: 2F
0-2: Ball
1-2: Foul Ball, location: 2F
1-2: Ground out 4-3 (Groundball, 4)
Pinch Hitting: RHB Keith Sims 0-0: Ball
1-0: Ball
2-0: Called Strike
2-1: SINGLE (Line Drive, 7S)
Pinch Hitting: RHB Manny Clemente 0-0: Called Strike
0-1: Ball
1-1: Ball
2-1: Ball
3-1: DOUBLE (Flyball, 8LXD)
Keith Sims to third
Pinch Hitting: RHB Albert Chávez 0-0: Intentional Walk
Pinch Hitting: RHB Peter Dixon 0-0: Ball
1-0: Swinging Strike
1-1: Called Strike
1-2: Ball
2-2: Foul Ball, location: 2F
2-2: Strikes out swinging
Pinch Hitting: LHB Paul Alston 0-0: Swinging Strike
0-1: Called Strike
0-2: DOUBLE (Line Drive, 7LS)
Keith Sims scores
Manny Clemente scores
Albert Chávez to third
Runner from 3rd tries for Home, SAFE, no throw or cutoff
Batting: SHB Brian Price 0-0: Called Strike
0-1: Ball
1-1: Foul Ball, location: 2F
1-2: Foul Ball, location: 2F
1-2: Fly out, F3 (Popup, 4)
Top of the 10th over - 3 run(s), 3 hit(s), 0 error(s), 1 left on base; Buffalo 8 - Mt Pleasant 5
BOTTOM OF THE 10TH
Mt Pleasant Bearcats batting - Pitching for Buffalo LightSabres : RHP John Thompson
Now at C: Jorge Castillo
Now at 1B: Paul Alston
Now at SS: Keith Sims
Now in CF: Manny Clemente
Now in RF: Peter Dixon
Batting: RHB Ramiro Chávez 0-0: Ground out 5-3 (Groundball, 56)
Batting: RHB Jeffrey Hicks 0-0: Foul Ball, location: 2F
0-1: Ball
1-1: Foul Ball, location: 2F
1-2: Foul Ball, location: 2F
1-2: Ball
2-2: Ball
3-2: Base on Balls
Batting: RHB Jesús Ramírez 0-0: Called Strike
0-1: Called Strike
0-2: Ball
1-2: Ball
2-2: Foul Ball, location: 2F
2-2: Ball
3-2: Foul Ball, location: 2F
3-2: Foul Ball, location: 2F
3-2: Strikes out swinging
Batting: RHB Nicoli Turina 0-0: Ball
1-0: Fly out, F8 (Flyball, 8LM)
Bottom of the 10th over - 0 run(s), 0 hit(s), 0 error(s), 1 left on base; Buffalo 8 - Mt Pleasant 5
This league is powered by Out of the Park Baseball, the baseball management simulation game for PC, Mac and Linux
Tuesday, August 2nd, 2016 - OOTP Baseball 16.8 Build 38